Map: Inside and Out

Players

Harstem

  • Race: Protoss Protoss
  • League: Master
  • Spawn Location: 1:00

ShoWTimE - Winner!

  • Race: Protoss Protoss
  • League: Master
  • Spawn Location: 7:00

VOD

Have the link to the VOD?

Description

Time

  • Played on: Oct. 19, 2022, 1:06 p.m.
  • Length: 4:21
Show
View Real Time Build Order
Export as new Build Order

Harstem Protoss 

Build Orders:  

Get SALT Encoding   

  12  0:00  Probe  
  13  0:12  Probe  
  14  0:18  Pylon  
  14  0:24  Probe (Chrono Boost)  
  15  0:37  Probe (Chrono Boost), Gateway  
  16  0:45  Probe (Chrono Boost)  
  17  0:50  Assimilator  
  17  0:51  Probe  
  18  0:58  Assimilator  
  18  1:03  Probe (Chrono Boost)  
  19  1:08  Gateway  
  19  1:12  Probe (Chrono Boost)  
  19  1:17  Probe (Chrono Boost)  
  20  1:25  Cybernetics Core  
  21  1:31  Probe  
  22  1:36  Pylon  
  22  1:44  Probe  
  23  2:02  Adept, Robotics Facility  
  23  2:03  Adept  
  27  2:09  Warp Gate (Chrono Boost)  
  27  2:13  Pylon  
  27  2:32  Stalker  
  27  2:33  Stalker  
  31  2:47  Warp Prism (Chrono Boost)  
  33  2:55  Pylon  
  33  3:09  Gateway  
  33  3:14  Pylon  
  32  3:21  Twilight Council  
  32  3:50  Stalker x2  
  32  3:54  Pylon  
Show
View Real Time Build Order
Export as new Build Order

ShoWTimE Protoss - Winner!

Build Orders: 1 Gate Expand 

Get SALT Encoding   

  12  0:00  Probe  
  13  0:12  Probe  
  14  0:17  Pylon  
  14  0:24  Probe (Chrono Boost)  
  15  0:36  Probe (Chrono Boost), Gateway  
  16  0:44  Probe (Chrono Boost)  
  16  0:45  Assimilator  
  17  0:50  Probe  
  18  1:03  Probe  
  19  1:15  Probe  
  20  1:23  Nexus  
  20  1:33  Cybernetics Core  
  20  1:36  Probe  
  21  1:43  Assimilator  
  21  1:48  Probe  
  21  1:51  Pylon  
  22  2:01  Probe  
  23  2:08  Adept (Chrono Boost)  
  23  2:10  Warp Gate  
  23  2:13  Probe  
  26  2:23  Stargate  
  26  2:25  Probe  
  27  2:31  Stalker  
  29  2:37  Shield Battery  
  29  2:41  Probe  
  30  2:45  Probe  
  30  2:51  Shield Battery  
  31  2:54  Probe  
  32  3:02  Stalker  
  38  3:15  Shield Battery, Void Ray (Chrono Boost)  
  38  3:25  Pylon  
  38  3:32  Gateway  
  37  3:44  Shield Battery  
  42  4:02  Zealot  
  39  4:06  Probe  
  39  4:09  Probe  
Tags
 
Add a new tag
Caveats
  • Supply blocks, unpowered buildings, or Contaminate may cause inaccurate times.
  • Supply counts are checked every 10 seconds.